 Dungeon Crawl Stone Soup version 0.30-a0-1160-g6e42c06551 (webtiles) character file.

Game seed: 2686502207212239318

110089 Maxmaps the Rich (level 16, -6/125 HPs)
             Began as a Demonspawn Monk on Apr 27, 2023.
             Was an Initiate of Gozag.
             Mangled by a merfolk impaler
             ... wielding a +3 trident of holy wrath
              (13 damage)
             ... on level 1 of the Shoals.
             The game lasted 00:50:04 (27812 turns).

Maxmaps the Rich (Demonspawn Monk)                 Turns: 27812, Time: 00:50:05

Health: -6/125     AC: 23    Str: 23    XL:     16   Next: 6%
Magic:  0/27       EV:  7    Int: 26    God:    Gozag
Gold:   1050       SH: 14    Dex: 16    Spells: 15/15 levels left

rFire   + + .        j - +2 broad axe (venom)
rCold   + . .        V - +1 kite shield {rC+}
rNeg    . . .        K - +1 plate armour "Detuttunea" {rF+ Str-3 Int+8}
rPois   .            O - +1 hat
rElec   .            (cloak unavailable)
rCorr   +            R - +0 pair of gloves {hurl}
SInv    +            S - +2 pair of boots {Stlth+}
Will    ++...        i - amulet "Pit Zyph" {Spirit rCorr Str+9 SInv} Stlth
                     U - ring "Jolakabb" {rF+ Str+4}
HPRegen 1.20/turn    l - ring of willpower
MPRegen 0.20/turn

%: clarity, guardian spirit
@: studying 2 skills
A: molten scales 2, demonic guardian 1, spiny 2, weakness stinger 3, antennae 1,
clarity, regeneration 1, MP-powered wands
a: Renounce Religion, Potion Petition, Call Merchant, Bribe Branch


You were on level 1 of the Shoals.
You worshipped Gozag.
Gozag was most pleased with you.
You visited 5 branches of the dungeon, and saw 24 of its levels.
You also visited: Gauntlet, Ice Cave and Volcano.

You collected 7774 gold pieces.
You spent 3548 gold pieces at shops.
You paid 3176 gold pieces to Gozag.

Inventory:

Hand Weapons
 j - a +2 broad axe of venom (weapon)
 w - a +2 eveningstar of protection
 A - the +10 scimitar of Fragile Peace {flame, SInv}
   (You took it off a minotaur in a Gauntlet)

   SInv:      It lets you see invisible.
Missiles
 s - 6 throwing nets (quivered)
Armour
 c - an orb of light
 B - a +0 tower shield
 K - the +1 plate armour "Detuttunea" (worn) {rF+ Str-3 Int+8}
   (You bought it in a shop on level 11 of the Dungeon)

   Str:       It affects your strength (-3).
   Int:       It affects your intelligence (+8).
   rF:        It protects you from fire.
 O - a +1 hat (worn)
 R - a +0 pair of gloves of hurling (worn)
 S - a +2 pair of boots of stealth (worn)
 V - a +1 kite shield of cold resistance (worn)
Jewellery
 i - the amulet "Pit Zyph" (around neck) {Spirit rCorr Str+9 SInv}
   (You acquired it on level 8 of the Dungeon)

   [amulet of guardian spirit]

   It causes incoming damage to be divided between your reserves of health and
   magic.
   Str:       It affects your strength (+9).
   SInv:      It lets you see invisible.
   rCorr:     It protects you from acid and corrosion.
 l - a ring of willpower (right hand)
 E - a ring of ice
 Q - the ring "Boschont" {Fly Will+ Str+6 Int+4}
   (You found it in a Gauntlet)

   [ring of flight]

   Str:       It affects your strength (+6).
   Int:       It affects your intelligence (+4).
   Fly:       It grants you flight.
   Will:      It increases your willpower.
 U - the ring "Jolakabb" (left hand) {rF+ Str+4}
   (You found it on level 5 of the Lair of Beasts)

   [ring of protection from fire]

   Str:       It affects your strength (+4).
   rF:        It protects you from fire.
 Z - a ring of ice
Wands
 a - a wand of iceblast (15)
 t - a wand of digging (6)
 v - a wand of mindburst (15)
 y - a wand of flame (62)
 C - a wand of paralysis (16)
 F - a wand of quicksilver (22)
Scrolls
 b - a scroll of blinking
 d - a scroll of silence
 f - 3 scrolls of magic mapping
 h - 6 scrolls of enchant armour
 n - 8 scrolls of amnesia
 p - 7 scrolls of teleportation
 q - 7 scrolls of fog
 r - 5 scrolls of fear
 x - 5 scrolls of noise
 D - 7 scrolls of identify
 H - 3 scrolls of poison
 I - 6 scrolls of enchant weapon
 W - a scroll of brand weapon
Potions
 e - 4 potions of might
 g - 4 potions of lignification
 k - 7 potions of curing
 m - 3 potions of haste
 u - 2 potions of invisibility
 z - 4 potions of mutation
 L - 3 potions of flight
 M - 2 potions of ambrosia
 N - 2 potions of resistance
 P - 4 potions of cancellation
 T - 2 potions of brilliance
 Y - 3 potions of magic
Miscellaneous
 o - a phial of floods


   Skills:
 - Level 11.2 Fighting
 - Level 11.4(14.0) Axes
 - Level 13.0(14.7) Polearms
 - Level 9.0 Armour
 - Level 3.0 Dodging
 - Level 14.2 Shields
 - Level 4.0 Unarmed Combat
 + Level 15.0 Invocations


You had 15 spell levels left.
You didn't know any spells.
Your spell library contained the following spells:

 Spells                   Type           Power      Damage    Failure   Level
 Sandblast                Erth           0%         2d4       95%         1
 Ensorcelled Hibernation  Hex/Ice        0%         N/A       98%         2
 Lesser Beckoning         Tloc           0%         N/A       98%         2
 Passwall                 Tmut/Erth      0%         N/A       98%         2
 Scorch                   Fire           0%         2d5       98%         2
 Gell's Gravitas          Tloc           0%         N/A       100%        3
 Ozocubu's Armour         Ice            0%         N/A       100%        3
 Spider Form              Tmut/Pois      0%         N/A       100%        3
 Stone Arrow              Conj/Erth      0%         3d7       100%        3
 Teleport Other           Tloc           0%         N/A       100%        3
 Anguish                  Hex/Necr       0%         N/A       100%        4
 Flame Wave               Conj/Fire      0%         2d4       100%        4
 Summon Lightning Spire   Summ/Air       0%         N/A       100%        4
 Metabolic Englaciation   Hex/Ice        0%         N/A       100%        5
 Summon Cactus Giant      Summ           0%         N/A       100%        6
 Storm Form               Tmut/Air       0%         N/A       100%        7
 Maxwell's Capacitive Co  Air            0%         ∞         100%        8
 Simulacrum               Ice/Necr       Unusable   N/A       N/A         6

Dungeon Overview and Level Annotations

Branches:
Dungeon (15/15)            Temple (1/1) D:6            Lair (5/5) D:8
 Shoals (1/4) Lair:2        Snake (0/4) Lair:2        Slime (0/5) Lair:5
    Orc (2/2) D:9             Elf (0/3) Orc:2        Vaults (0/5) D:13
 Depths (0/4) D:15          IceCv (visited)         Volcano (visited)
Gauntlet (visited)

Altars:
Ashenzari
Cheibriados
Dithmenos
Fedhas
Gozag
Hepliaklqana
Kikubaaqudgha
Makhleb
Nemelex Xobeh
Okawaru
Qazlal
Ru
Sif Muna
Trog
Uskayaw
Vehumet
Wu Jian
Xom
Yredelemnul
Jiyva

Shops:
D:1 [   D:8 *   D:11 *[[   D:13 ?[?([   Orc:2 (=[[*

Annotations:
D:2 1 runed translucent door, Crazy Yiuf
D:8 3 runed translucent doors, crux's ghost, novice OpTm
Lair:5 1 runed translucent door, Rupert


Innate Abilities, Weirdness & Mutations

You are mostly covered in molten scales. (AC +3)
A weak demonic guardian rushes to your aid.
You are mostly covered in sharp spines.
You have a sharp stinger which inflicts weakening toxins.
You have a pair of small antennae on your head.
You possess an exceptional clarity of mind.
Your natural rate of healing is unusually fast.
You expend magic power (3 MP) to strengthen your wands.


Message History

The merfolk impaler hits you but does no damage.
You block the merfolk's attack.
The merfolk hits you from afar with a +0 trident!
* * * LOW HITPOINT WARNING * * *
A demonic guardian appears!
The merfolk impaler hits you but does no damage.
You enter the shallow water.
Moving in this stuff is going to be slow.
The merfolk closely misses your hellwing.
The merfolk impaler hits you from afar with a +3 trident of holy wrath.
* * * LOW HITPOINT WARNING * * *
You convulse.
* * * LOW HITPOINT WARNING * * *
You block the merfolk's attack.
Your hellwing hits the merfolk. Your hellwing misses the merfolk.
The merfolk impaler hits you with a +3 trident of holy wrath!
* * * LOW HITPOINT WARNING * * *
You convulse!
* * * LOW HITPOINT WARNING * * *
The merfolk hits you from afar with a +0 trident.
* * * LOW HITPOINT WARNING * * *
Your hellwing hits the merfolk!
Your hellwing barely misses the merfolk.
You block the merfolk impaler's attack.
The merfolk hits you from afar with a +0 trident.
* * * LOW HITPOINT WARNING * * *
The merfolk is struck by your spines.
The merfolk hits you but does no damage.
Blink to where?
Press: ? - help, Dir - move target
Okay, then.
As you read the scroll of fear, it crumbles to dust.
You assume a fearsome visage.
The merfolk impaler resists with some effort.
The merfolk resists with almost no effort.
The merfolk looks frightened!
The merfolk impaler is struck by your spines.
The merfolk impaler hits you with a +3 trident of holy wrath!
You die...
Your body crumbles into a pile of gold.

≈≈≈≈≈≈≈≈≈~~...~~~~~~~~~~~~~~~~~≈~
≈≈≈≈≈~~~~~~##..~~~~~~~~~~...~~~~~
≈~~~~~~~~~~.#..~~~~~~≈≈~.##.~~~~~
~~~~~~~~~~~~~~~~~~~~~≈≈≈~.##~~~~~
~~..~~.~~~~~.~~.~~≈≈≈≈≈≈≈~.~~≈~~~
~~......~~~~~~~.~~~~≈≈≈≈≈≈~
~...###.^.~~~.~~~~m~≈≈≈~~.. ~.###
####.###.~m~4~≈≈≈~.. ~...# ###
#..@m~~≈≈~~## ~..######
#..~~~~~~~.# ~..##...###
##.~~~~.~~~.###..
~.........###.~~~~.~~~~~~.>..~
~.###........).~~~~~~~~~~~~~~~~≈≈
..###.......>.~~~~~~~~~~~~~~~~~~≈
~.....##....~~~.....~~~~~~~~~~~~≈
~~~....##..~~~.####..~.~~~~~~..~~
~~~~......~~~### ##..~~~.......


You could see a merfolk impaler, 2 merfolk and a friendly hellwing (summoned).

Vanquished Creatures
  Saint Roka (Orc:2)
  Louise (Shoals:1)
  An orc warlord (Orc:1)
  A dire elephant (Lair:5)
  A minotaur (Gauntlet)
  A red draconian (Volcano)
  Snorg (D:11)
  An ettin (D:15)
  A fire dragon (D:15)
  A great orb of eyes (Gauntlet)
  4 hydras
  3 vault guards (D:13)
  7 catoblepae
  An ogre mage (D:15)
  4 boulder beetles (D:13)
  8 centaur warriors
  2 tengu warriors
  10 two-headed ogres
  7 death yaks (Lair:5)
  3 orc high priests
  A soul eater (Gauntlet)
  A skyshark (Shoals:1)
  Nergalle (Orc:1)
  A fire crab (Lair:5)
  A sea snake (Shoals:1)
  2 deep trolls (D:15)
  A salamander mystic (Volcano)
  A wizard (D:15)
  A necromancer (D:15)
  3 orc knights
  3 harpies (Shoals:1)
  4 salamanders (Volcano)
  2 deep elf pyromancers
  4 orc sorcerers
  2 cyclopes
  26 ugly things
  7 fauns (Shoals:1)
  8 manticores
  3 elephants (Lair:5)
  Joseph (D:10)
  7 black mambas
  2 molten gargoyles (Volcano)
  A guardian serpent (shapeshifter) (D:15)
  2 merfolk sirens (Shoals:1)
  2 ice statues (IceCv)
  A water nymph (Shoals:1)
  A guardian serpent (D:11)
  3 gargoyles
  A torpor snail (Lair:2)
  An unseen horror (D:13)
  3 cane toads
  Psyche (D:9)
  An efreet (D:14)
  4 rime drakes
  9 komodo dragons
  A freezing wraith (IceCv)
  A tengu conjurer (D:14)
  3 merfolk (Shoals:1)
  4 trolls
  3 wind drakes (Shoals:1)
  8 blink frogs
  A polar bear (Lair:5)
  A hornet (D:8)
  4 snapping turtles
  7 dream sheep
  A centaur simulacrum (D:15)
  2 wyverns
  Sigmund (D:5)
  A culicivora (shapeshifter) (D:15)
  2 shadows
  44 yaks
  A vampire (D:11)
  4 basilisks
  A wraith (D:11)
  A human (Lair:5)
  2 fire bats (Volcano)
  A basilisk (shapeshifter) (D:15)
  3 steam dragons
  2 death yak simulacra (IceCv)
  9 wargs
  Menkaure (D:5)
  3 vampire mosquitoes (D:13)
  18 water moccasins
  A sky beast (D:7)
  36 orc warriors
  2 black bears
  An ice beast (D:7)
  7 centaurs
  8 ogres
  4 wolves (Lair:2)
  2 phantoms
  2 kobold brigands
  3 gnoll sergeants
  9 bullfrogs
  5 scorpions
  14 killer bees
  An elephant simulacrum (IceCv)
  2 electric eels
  A howler monkey (D:9)
  9 hounds
  6 lava snakes (Volcano)
  20 orc priests
  3 jellies
  A gnoll bouda (D:4)
  A sleepcap (D:4)
  3 iguanas
  25 orc wizards
  14 hell rats
  2 wolf simulacra (IceCv)
  9 adders
  20 gnolls
  3 shadow imps
  2 white imps
  2 ufetubi (D:6)
  6 dart slugs
  A worm (D:5)
  84 orcs
  4 endoplasms
  7 giant cockroaches
  10 goblins
  12 hobgoblins
  4 jackals (D:1)
  4 quokkas
  6 ball pythons
  11 bats
  4 frilled lizards
  14 kobolds
  A rat (D:1)
  A tentacle (Shoals:1)
688 creatures vanquished.

Vanquished Creatures (collateral kills)
  A hydra (Lair:3)
  A vault guard (D:13)
  A sea snake (Shoals:1)
  A harpy (Shoals:1)
  An orc knight (Orc:2)
  An ugly thing (D:14)
  4 orc warriors (Orc:2)
  A centaur (D:11)
  A killer bee (D:11)
  A gnoll (D:13)
  2 orcs (Orc:1)
15 creatures vanquished.

Vanquished Creatures (others)
  A manticore (D:13)
  A hound (D:6)
  An orc (Orc:2)
  13 demonic plants (Gauntlet)
  15 fungi
  52 plants
  6 tentacles (Shoals:1)
89 creatures vanquished.

Grand Total: 792 creatures vanquished

Notes
Turn   | Place    | Note
-------+----------+-------------------------------------------
     0 | D:1      | Maxmaps the Demonspawn Monk began the quest for the Orb.
     0 | D:1      | Reached XP level 1. HP: 18/18 MP: 1/1
   143 | D:1      | Gained mutation: You are partially covered in molten
                  | scales. (AC +2) [demonic ancestry]
   143 | D:1      | Reached XP level 2. HP: 23/24 MP: 2/2
   264 | D:1      | Found Xirchuizo's Armour Shop.
   435 | D:1      | Reached XP level 3. HP: 29/29 MP: 3/3
  1120 | D:2      | Reached XP level 4. HP: 34/37 MP: 4/4
  1394 | D:2      | Found a runed translucent door.
  1395 | D:2      | Noticed Crazy Yiuf
  1969 | D:3      | Reached skill level 1 in Armour
  2127 | D:2      | Gained mutation: You have a small tail. [demonic ancestry]
  2127 | D:2      | Reached XP level 5. HP: 14/42 MP: 5/5
  2401 | D:3      | Found a hide-covered altar of Uskayaw.
  2879 | D:4      | Reached skill level 1 in Polearms
  3151 | D:4      | Gained mutation: You are partially covered in sharp spines.
                  | [demonic ancestry]
  3151 | D:4      | Reached XP level 6. HP: 36/48 MP: 6/6
  3197 | D:4      | You fall into a shaft and drop 3 floors!
  3201 | D:7      | Noticed an orc warrior
  3202 | D:7      | Noticed an ice beast
  3231 | D:6      | Noticed a steam dragon
  3233 | D:5      | Entered Level 5 of the Dungeon
  3259 | D:5      | Gained mutation: You have a tail ending in a sharp stinger.
                  | [demonic ancestry]
  3259 | D:5      | Reached XP level 7. HP: 35/54 MP: 7/7
  3336 | D:4      | Reached skill level 5 in Polearms
  3551 | D:4      | Identified the staff of conjuration "Meav" {rPois Will+
                  | Dex+2}
  4103 | D:5      | Noticed Sigmund
  4116 | D:5      | Killed Sigmund
  4158 | D:5      | Gained mutation: You are mostly covered in molten scales.
                  | (AC +3) [demonic ancestry]
  4158 | D:5      | Reached XP level 8. HP: 55/60 MP: 8/8
  4549 | D:6      | Noticed Menkaure
  4560 | D:5      | HP: 1/60 [iguana (12)]
  4767 | D:5      | Killed Menkaure
  4888 | D:6      | Found a staircase to the Ecumenical Temple.
  4949 | Temple   | Entered the Ecumenical Temple
  4949 | Temple   | Found a transporter.
  4949 | Temple   | Found a transporter.
  4958 | Temple   | Found a transporter.
  4958 | Temple   | Found a transporter.
  4984 | Temple   | Became a worshipper of Gozag Ym Sagoz the Greedy
  5359 | D:6      | Reached XP level 9. HP: 27/65 MP: 9/9
  5823 | D:1      | Bought a +0 buckler for 45 gold pieces
  5932 | D:7      | Reached skill level 1 in Shields
  6655 | D:8      | Reached skill level 5 in Shields
  6733 | D:8      | Noticed a komodo dragon
  6748 | D:8      | Killed a komodo dragon
  6805 | D:8      | Paralysed by a hornet for 3 turns
  7009 | D:8      | Found a large runed translucent door.
  7010 | D:8      | Found a large runed translucent door.
  7025 | D:8      | Found a staircase to the Lair.
  7054 | D:8      | Found Wobiama's General Store.
  7192 | D:8      | Reached skill level 5 in Armour
  7309 | D:8      | Noticed crux's ghost (novice OpTm)
  7317 | D:8      | Found a runed translucent gate.
  7317 | D:8      | Found a runed translucent gate.
  7319 | D:8      | Found a runed translucent gate.
  7535 | D:8      | Identified a scroll of acquirement
  7535 | D:8      | Acquired the amulet "Pit Zyph" {Spirit rCorr Str+9 SInv}
  7549 | D:8      | Found a sacrificial altar of Ru.
  7558 | D:8      | Found a radiant altar of Vehumet.
  7691 | D:9      | Noticed a troll
  7702 | D:9      | Killed a troll
  7703 | D:9      | Reached skill level 5 in Fighting
  7703 | D:9      | Reached XP level 10. HP: 65/74 MP: 8/10
  7899 | D:9      | Found a staircase to the Orcish Mines.
  7954 | D:9      | Noticed Psyche
  7962 | D:9      | Noticed a two-headed ogre
  7972 | D:9      | Killed a two-headed ogre
  8213 | D:9      | Gained mutation: You expend magic power (3 MP) to
                  | strengthen your wands. [potion of mutation]
  8213 | D:9      | Gained mutation: You have a pair of small antennae on your
                  | head. [potion of mutation]
  8213 | D:9      | Gained mutation: You possess an exceptional clarity of
                  | mind. [potion of mutation]
  8213 | D:9      | Gained mutation: Your natural rate of healing is unusually
                  | fast. [potion of mutation]
  8582 | D:9      | Killed Psyche
  8775 | D:9      | Found a stormy altar of Qazlal.
  8947 | D:10     | Entered Level 10 of the Dungeon
  9013 | D:10     | Noticed a two-headed ogre
  9032 | D:10     | Killed a two-headed ogre
  9033 | D:10     | Reached skill level 10 in Fighting
  9069 | D:10     | Noticed a two-headed ogre
  9078 | D:10     | Killed a two-headed ogre
  9079 | D:10     | Gained mutation: A weak demonic guardian rushes to your
                  | aid. [demonic ancestry]
  9079 | D:10     | Reached XP level 11. HP: 47/92 MP: 5/11
  9141 | D:10     | Identified the +5 quarterstaff "Asien" {pain, rN+}
  9346 | D:10     | Noticed Joseph
  9361 | D:10     | Killed Joseph
  9586 | D:10     | Reached skill level 10 in Polearms
  9850 | D:11     | Noticed a cyan ugly thing
  9868 | D:10     | Killed a cyan ugly thing
  9906 | D:11     | Noticed a two-headed ogre
  9917 | D:10     | Killed a two-headed ogre
 10065 | D:11     | Identified the +3 ring mail of Wivaw {SInv}
 10106 | D:11     | Noticed Snorg
 10123 | D:11     | Killed Snorg
 10809 | D:11     | Bought a brightly glowing plate armour for 700 gold pieces
 10809 | D:11     | Identified the +1 plate armour "Detuttunea" {rF+ Str-3
                  | Int+8} (You bought it in a shop on level 11 of the Dungeon)
 11160 | Lair:1   | Entered Level 1 of the Lair of Beasts
 11940 | Lair:2   | Found a staircase to the Snake Pit.
 11953 | Lair:2   | Reached XP level 12. HP: 65/100 MP: 8/12
 12814 | Lair:2   | Found a staircase to the Shoals.
 13279 | Lair:3   | Noticed an eight-headed hydra
 13291 | Lair:3   | Killed an eight-headed hydra
 13426 | Lair:3   | Noticed a catoblepas
 13450 | Lair:3   | Killed a catoblepas
 13530 | Lair:3   | Found a gate leading to a gauntlet.
 13541 | Gauntlet | Entered a Gauntlet
 13541 | Gauntlet | Found a transporter.
 13550 | Gauntlet | Found a transporter.
 13567 | Gauntlet | Found a transporter.
 13574 | Gauntlet | Found a transporter.
 13593 | Gauntlet | Found a transporter.
 13609 | Gauntlet | Found a transporter.
 13619 | Gauntlet | Noticed a cacodemon
 13621 | Gauntlet | Noticed a great orb of eyes
 13622 | Gauntlet | Found a transporter.
 13634 | Gauntlet | Found a transporter.
 13638 | Gauntlet | Noticed a catoblepas
 13645 | Gauntlet | Noticed a green death
 13646 | Gauntlet | Found a transporter.
 13658 | Gauntlet | Found a transporter.
 13675 | Gauntlet | Found a transporter.
 13675 | Gauntlet | Found a transporter.
 13695 | Gauntlet | Found a transporter.
 13715 | Gauntlet | Found a transporter.
 13745 | Gauntlet | Found a transporter.
 13828 | Gauntlet | Found a transporter.
 13861 | Gauntlet | Found a transporter.
 13872 | Gauntlet | Noticed a catoblepas
 13879 | Gauntlet | Found a transporter.
 13888 | Gauntlet | Killed a catoblepas
 14089 | Gauntlet | Identified the ring "Boschont" {Fly Will+ Str+6 Int+4}
 14168 | Gauntlet | Killed a great orb of eyes
 14243 | Gauntlet | Identified the +10 scimitar of Fragile Peace {flame, SInv}
 14243 | Gauntlet | Noticed a minotaur
 14258 | Gauntlet | Killed a minotaur
 14308 | Gauntlet | Identified the +3 glaive of the Horn {drain, Dex+2}
 14486 | Lair:3   | Reached XP level 13. HP: 106/106 MP: 13/13
 14639 | Lair:3   | Reached skill level 10 in Shields
 15311 | D:11     | Bought a +2 pair of boots of stealth for 215 gold pieces
 15543 | Lair:4   | Found a dark tunnel.
 15552 | Volcano  | Entered a volcano
 15947 | Volcano  | Found a bloodstained altar of Trog.
 16157 | Volcano  | Noticed a red draconian
 16169 | Volcano  | Killed a red draconian
 17030 | Lair:5   | Entered Level 5 of the Lair of Beasts
 17350 | Lair:5   | Noticed a dire elephant
 17367 | Lair:5   | Noticed Rupert
 17483 | Lair:5   | Found a viscous altar of Jiyva.
 17602 | Lair:5   | Found a staircase to the Slime Pits.
 17736 | Lair:5   | Killed a dire elephant
 19017 | Lair:5   | Found a runed translucent door.
 19019 | Lair:5   | Noticed a tentacled starspawn
 19030 | Lair:5   | Gained mutation: You are mostly covered in sharp spines.
                  | [demonic ancestry]
 19030 | Lair:5   | Reached XP level 14. HP: 113/113 MP: 14/14
 19370 | Lair:5   | Identified the ring "Jolakabb" {rF+ Str+4}
 19961 | Orc:1    | Entered Level 1 of the Orcish Mines
 20174 | Orc:2    | Entered Level 2 of the Orcish Mines
 20340 | Orc:1    | Noticed an orc warlord
 20370 | Orc:1    | Killed an orc warlord
 20409 | Orc:1    | Noticed Nergalle
 20434 | Orc:1    | Killed Nergalle
 20691 | Orc:2    | Found Gatuco's Armour Boutique.
 20708 | Orc:2    | Found a staircase to the Elven Halls.
 21365 | Orc:2    | Reached skill level 1 in Axes
 21378 | Orc:2    | Noticed Saint Roka
 21620 | Orc:2    | Killed Saint Roka
 22106 | Orc:2    | Reached skill level 5 in Axes
 22149 | Orc:2    | Found Otiregoss's Jewellery Shoppe.
 22152 | Orc:2    | Found Qit Joggesa's General Store.
 22174 | Orc:2    | Found Wutysigh's Antique Weapon Shoppe.
 22328 | Orc:2    | Found Wooneurch's Antique Armour Shoppe.
 22334 | Orc:2    | Bought a pair of embroidered boots for 247 gold pieces
 22711 | D:12     | Found a frozen archway.
 22725 | IceCv    | Entered an ice cave
 22736 | IceCv    | Found a transporter.
 22800 | IceCv    | Found a transporter.
 23667 | D:13     | Found Dehuf's Antique Armour Emporium.
 23792 | D:13     | Bought a heavily runed plate armour for 924 gold pieces
 23792 | D:13     | Identified the +0 plate armour "Guesuf" {rElec rC- Will+
                  | Dex+2} (You bought it in a shop on level 13 of the Dungeon)
 23809 | D:13     | Found Tuisoaxt's Magic Scroll Boutique.
 23870 | D:13     | Bought a scroll of fear for 60 gold pieces
 23870 | D:13     | Bought a scroll of teleportation for 45 gold pieces
 23870 | D:13     | Bought a scroll of magic mapping for 112 gold pieces
 23870 | D:13     | Bought a scroll of brand weapon for 142 gold pieces
 23925 | D:13     | Found Qytzyd's Antique Armour Shoppe.
 23934 | D:13     | Bought an ancient plate armour for 896 gold pieces
 23934 | D:13     | Identified the +0 plate armour of Iqafe {MP-9 Int+7} (You
                  | bought it in a shop on level 13 of the Dungeon)
 23968 | D:13     | Found a gate to the Vaults.
 24036 | D:13     | Reached XP level 15. HP: 101/119 MP: 10/15
 24118 | D:13     | Found Metacsul's Magic Scroll Emporium.
 24124 | D:13     | Bought a scroll of teleportation for 36 gold pieces
 24124 | D:13     | Bought a scroll of teleportation for 36 gold pieces
 24124 | D:13     | Bought a scroll of blinking for 90 gold pieces
 24366 | D:13     | Found Tiupsug's Weapon Shoppe.
 24903 | D:14     | Reached skill level 10 in Axes
 25433 | D:15     | Entered Level 15 of the Dungeon
 25627 | D:15     | Found a sacrificial altar of Ru.
 26123 | D:15     | Found a staircase to the Depths.
 26224 | D:15     | Reached skill level 2 in Invocations
 26252 | D:15     | Reached skill level 3 in Invocations
 26257 | D:15     | Reached skill level 4 in Invocations
 26258 | D:15     | Reached skill level 5 in Invocations
 26266 | D:15     | Reached skill level 6 in Invocations
 26279 | D:15     | Reached skill level 7 in Invocations
 26291 | D:15     | Reached skill level 8 in Invocations
 26307 | D:15     | Reached skill level 9 in Invocations
 26876 | Shoals:1 | Entered Level 1 of the Shoals
 26911 | Shoals:1 | Reached skill level 10 in Invocations
 26989 | Shoals:1 | Reached skill level 11 in Invocations
 27131 | Shoals:1 | Reached skill level 12 in Invocations
 27292 | Shoals:1 | Noticed Louise
 27317 | Shoals:1 | Reached skill level 13 in Invocations
 27326 | Shoals:1 | Killed Louise
 27338 | Shoals:1 | Gained mutation: You have a sharp stinger which inflicts
                  | weakening toxins. [demonic ancestry]
 27338 | Shoals:1 | Reached XP level 16. HP: 95/125 MP: 23/26
 27416 | Shoals:1 | Reached skill level 14 in Invocations
 27765 | Shoals:1 | Reached skill level 15 in Invocations
 27788 | Shoals:1 | Noticed a kraken
 27811 | Shoals:1 | HP: 6/125 [merfolk/+0 trident[a merfolk impaler] (2)]
 27812 | Shoals:1 | Mangled by a merfolk impaler

Illustrated notes

Levels and vault maps discovered:
D:1:      mrwooster_arrival_statue_3, layout_basic, serial_shops, shop,
          minmay_fountain_box, kennysheep_pointless_box
D:2:      layout_loops_ring, uniq_crazy_yiuf_cottage
D:3:      corexii_shack_village, layout_rooms, lemuel_round_altar,
          minmay_tree_intersection, kennysheep_generic_room_13
D:4:      minmay_door_path, layout_loops_ring, kennysheep_little_box
D:5:      layout_cave_pools, uniq_sigmund
D:6:      layout_rooms, minmay_temple_entry_tees, chequers_jeans, uniq_menkaure
D:7:      layout_rooms
D:8:      layout_rooms, jmf_multi_god_temple2, david_lair_shrubbed,
          gammafunk_ghost_split, serial_shops, nicolae_shop_real_fake_doors,
          nicolae_fountain_basement
D:9:      layout_basic, nicolae_qazlal_eye_of_the_storm, erik_orc_3,
          kennysheep_diamond, uniq_psyche
D:10:     layout_basic, st_stairs_10, uniq_joseph
D:11:     layout_basic, nrook_guardian_serpent_double, uniq_snorg
D:12:     layout_loops_corners, portal_ice_cave_entry_pillars_2,
          corexii_hall_statues_l
D:13:     layout_roguey, lightli_vaults_fourway_checkpoint, serial_shops,
          nicolae_shop_tiny_statue_garden, nicolae_shop_stone,
          nicolae_shop_rolling_square, nicolae_shop_crystal, shop_scrolls
D:14:     layout_loops_ring, kennysheep_nondescript
D:15:     hangedman_depths_entry_civil_slaughter, layout_loops_corners,
          hangedman_ru_absence
Temple:   hellmonk_temple_divided_pantheon
Lair:1:   layout_misc_corridors
Lair:2:   layout_small_grid, minmay_shoals_entry_hut,
          minmay_snake_entry_six_corridors
Lair:3:   layout_regular_city, gauntlet_entry_generic, nicolae_lair_lil_pond,
          serial_bayou_shore_b
Lair:4:   layout_long_grid, nicolae_volcano_entry_two_sided
Lair:5:   evilmike_catoblepas_cave, layout_layer_cave, slime_entry_1,
          pdpol_lair_cabin_in_the_woods, lemuel_fruit_fields, uniq_rupert
Shoals:1: layout_shoals, uniq_louise
Orc:1:    layout_caves, uniq_nergalle
Orc:2:    grunt_orc_cross, layout_caves, basic_altar, serial_shops, shop

Skill      XL: |  1  2  3  4  5  6  7  8  9 10 11 12 13 14 15 16 |
---------------+-------------------------------------------------+-----
Unarmed Combat | 3 4 |  4.0
Fighting       | 4 5 10 11 | 11.2
Dodging        | 3 |  3.0
Armour         | 1 2 5 7 9 |  9.0
Polearms       | 2 4 6 9 11 13 | 13.0
Shields        | 5 9 14 | 14.2
Axes           | 8 11 | 11.4
Invocations    | 13 15 | 15.0

Action                     |  1- 3 |  4- 6 |  7- 9 | 10-12 | 13-15 | 16-18 || total
---------------------------+-------+-------+-------+-------+-------+-------++-------
  Melee: Unarmed           |   142 |   112 |       |       |       |       ||   254
         Spear             |       |    73 |   320 |   827 |  1119 |       ||  2339
         Tailslap          |       |    17 |    42 |   146 |   366 |     8 ||   579
         Broad axe         |       |       |       |       |   642 |    38 ||   680
         Scimitar          |       |       |       |       |    23 |       ||    23
 Invoke: Call Merchant     |       |       |       |     1 |     2 |       ||     3
         Potion Petition   |       |       |       |     1 |     2 |       ||     3
  Evoke: Wand              |       |       |       |       |     4 |       ||     4
    Use: Scroll            |       |     7 |     1 |     9 |    15 |     4 ||    36
         Potion            |       |     3 |       |    16 |    11 |       ||    30
   Stab: Distracted        |       |       |     1 |     5 |    17 |       ||    23
         Petrified         |       |       |       |       |     3 |       ||     3
         Invisible         |       |       |       |       |     1 |       ||     1
 Armour: Ring mail         |    61 |    76 |    56 |    58 |       |       ||   251
         Robe              |     1 |       |       |       |       |       ||     1
         Plate armour      |       |       |       |   135 |   806 |    44 ||   985
  Dodge: Dodged            |    86 |   116 |    95 |   142 |   301 |     8 ||   748
  Block: Buckler           |       |       |    21 |    80 |       |       ||   101
         Kite shield       |       |       |       |    65 |   975 |    46 ||  1086

Table legend: (Time is in decaauts)
 A = Elapsed time spent in this place.
 B = Non-inter-level travel time spent in this place.
 C = Inter-level travel time spent in this place.
 D = Time resting spent in this place.
 E = Time spent auto-exploring this place.
 F = Levels seen in this place.
 G = Mean time per level.
                   A        B        C        D        E       F      G
               +--------+--------+--------+--------+--------+-----+--------+
         Total |  27111 |  24612 |   2499 |   3458 |  14994 |  27 | 1004.1 |
       Dungeon |  15692 |  13821 |   1871 |   2015 |   9052 |  15 | 1046.1 |
        Temple |     81 |     81 |      0 |      0 |      6 |   1 |   81.0 |
          Lair |   6321 |   5783 |    538 |    473 |   4049 |   5 | 1264.2 |
        Shoals |    985 |    981 |      4 |    161 |    422 |   1 |  985.0 |
  Orcish Mines |   2351 |   2266 |     85 |    624 |    840 |   2 | 1175.5 |
      Ice Cave |    193 |    193 |      0 |      0 |      0 |   1 |  193.0 |
       Volcano |    633 |    633 |      0 |     57 |    313 |   1 |  633.0 |
      Gauntlet |    852 |    852 |      0 |    127 |    311 |   1 |  852.0 |
               +--------+--------+--------+--------+--------+-----+--------+

Top non-repeatable levels by time:
  Lair:5: 2190 daAuts
  Lair:2: 1447 daAuts
     D:9: 1408 daAuts
     D:8: 1345 daAuts
     D:2: 1242 daAuts
   Orc:1: 1199 daAuts
    D:15: 1194 daAuts
    D:10: 1183 daAuts
   Orc:2: 1152 daAuts
     D:4: 1054 daAuts
    D:11: 1018 daAuts
    D:13: 1016 daAuts
     D:6: 1003 daAuts
  Lair:3: 997 daAuts
Shoals:1: 985 daAuts
